 Dungeon Crawl Stone Soup version 0.18-a0-1800-gdc7a371 (webtiles) character file.

123 Duffy the Chopper (level 4, -9/35 HPs)
             Began as a Demonspawn Fighter on Apr 25, 2016.
             Killed by divine providence
             ... invoked by an orc priest
              (16 damage)
             ... on level 2 of the Dungeon.
             The game lasted 00:01:20 (1534 turns).

Duffy the Chopper (Demonspawn Fighter)              Turns: 1534, Time: 00:01:21

Health: -9/35      AC:  8    Str: 17    XL:     4   Next: 80%
Magic:  4/4        EV:  5    Int: 10    God:
Gold:   49         SH:  8    Dex: 12    Spells: 0 memorised, 3 levels left

rFire  . . .     SeeInvis .     a - +0 war axe
rCold  . . .     Gourm    .     h - +0 chain mail
rNeg   . . .     Faith    .     c - +0 shield
rPois  .         Spirit   .     (no helmet)
rElec  .         Dismiss  .     (no cloak)
rCorr  .         Reflect  .     (no gloves)
SustAt .         Harm     .     (no boots)
MR     .....                    (no amulet)
Stlth  ..........               (no ring)
                                (no ring)

@: not resistant to hostile enchantments, extremely unstealthy
A: powered by pain 1, sturdy frame 1
a: no special abilities


You were on level 2 of the Dungeon.
You were not hungry.

You visited 1 branch of the dungeon, and saw 2 of its levels.

You collected 49 gold pieces.


Innate Abilities, Weirdness & Mutations

You sometimes gain a little power by taking damage.
Your movements are slightly less encumbered by armour (ER -2).


   Skills:
 - Level 3.0 Fighting
 + Level 4.6 Axes
 - Level 2.6 Armour
 - Level 2.6 Shields


You had 3 spell levels left.
You didn't know any spells.

Inventory:

Hand Weapons
 a - a +0 war axe (weapon)
Missiles
 m - 10 poisoned needles
Armour
 b - a +0 scale mail
 c - a +0 shield (worn)
 h - a +0 chain mail (worn)
Scrolls
 g - a scroll of fear {unknown}
 j - a scroll of noise {unknown}
 n - a scroll of magic mapping {unknown}
 o - a scroll of amnesia {unknown}
Potions
 d - a potion of might
 e - 2 potions of heal wounds {unknown}
 i - a potion of lignification {unknown}
 k - a potion of degeneration {unknown}
 l - a potion of cure mutation {unknown}
 p - a potion of resistance {unknown}
 q - a potion of curing {unknown}
Comestibles
 f - 2 bread rations

Dungeon Overview and Level Annotations

Branches:
Dungeon (2/15)

Altars:
Zin


Message History

You are too injured to fight recklessly!
You are too injured to fight recklessly!
You are too injured to fight recklessly!
You are too injured to fight recklessly!
You are too injured to fight recklessly!
You are too injured to fight recklessly!
You are too injured to fight recklessly!
You are too injured to fight recklessly!
You are too injured to fight recklessly!
You are too injured to fight recklessly!
You are too injured to fight recklessly!
You are too injured to fight recklessly!
You are too injured to fight recklessly!
You are too injured to fight recklessly!
You slash the orc!
You kill the orc!
You slash the orc priest!
The orc priest is heavily wounded.
The orc priest mumbles some strange prayers to Beogh against you.
Beogh smites you!
You barely miss the orc.
You hit the orc priest but do no damage.
The orc priest is heavily wounded.
The orc hits you but does no damage.
The orc priest hits you but does no damage.
The orc hits you but does no damage.
Your shield and chain mail prevent you from hitting the orc.
You completely miss the orc priest.
The orc priest is heavily wounded.
The orc priest barely misses you. The orc hits you but does no damage.
The orc priest hits you but does no damage.
You closely miss the orc priest.
The orc priest is heavily wounded.
You closely miss the orc. The orc hits you with a hand axe.
You block the orc priest's attack.
You hit the orc priest.
The orc priest is severely wounded.
You barely miss the orc. The orc hits you but does no damage.
The orc priest hits you but does no damage.
You slash the orc priest!
You kill the orc priest!
Your shield prevents you from hitting the orc.
You block the orc's attack. The orc hits you but does no damage.
You slash the orc!
You kill the orc!
You slash the orc priest!
The orc priest is severely wounded.
The orc priest calls down the wrath of Beogh upon you.
Beogh smites you!
You die...

#.##.# #.## ####.##.#
#.# ..##.##.# #.##
#.##.##.# #...
#.##.##.## ####
#.##.#...##
#.##......##
#########.##.%....<..
.......@).>..........
########o#.......####
#.###...####
#oo#..#.# #.#.#.#.#
#...#.#.# #.# #....
.o# ### # ..#


You could see an orc priest.

Action                   |  1- 3 |  4- 6 || total
-------------------------+-------+-------++-------
Melee: War axe           |   111 |    36 ||   147
  Eat: Chunk             |     1 |     1 ||     2
Armor: Scale mail        |    15 |       ||    15
       Chain mail        |    66 |    18 ||    84
Dodge: Dodged            |    35 |     8 ||    43
Block: Shield            |    83 |    13 ||    96

Notes
Turn   | Place    | Note
--------------------------------------------------------------
     0 | D:1      | Duffy the Demonspawn Fighter began the quest for the Orb.
     0 | D:1      | Reached XP level 1. HP: 18/18 MP: 1/1
    13 | D:1      | Reached skill level 2 in Axes
    37 | D:1      | Gained mutation: Your movements are slightly less encumbered by armour (ER -2). [demonic ancestry]
    37 | D:1      | Reached XP level 2. HP: 12/24 MP: 2/2
   555 | D:1      | Reached skill level 3 in Axes
   896 | D:2      | Gained mutation: You sometimes gain a little power by taking damage. [demonic ancestry]
   896 | D:2      | Reached XP level 3. HP: 28/29 MP: 3/3
   923 | D:2      | Noticed Jessica
   931 | D:2      | Killed Jessica
  1102 | D:2      | Noticed an angel
  1103 | D:2      | Found a glowing silver altar of Zin.
  1265 | D:2      | Reached XP level 4. HP: 31/35 MP: 4/4
  1367 | D:2      | Reached skill level 4 in Axes
  1534 | D:2      | Killed from afar by an orc priest

Skill      XL: |  1  2  3  4 |
---------------+-------------+-----
Axes           | 2 3 4 |  4.6
Fighting       | |  3.0
Armour         | |  2.6
Shields        | |  2.6

Vault maps used:
D:1:      scummos_arrival_star
D:2:      lemuel_crystal_altar, zin_angel, first_bread, uniq_jessica

Vanquished Creatures
  An orc priest Jessica
  2 adders
  A worm
  2 dart slugs
  2 orcs
  6 bats
  A giant cockroach
  3 goblins
  7 hobgoblins
  3 jackals
  A quokka
  A ball python
  A giant newt
  5 kobolds
  6 rats
43 creatures vanquished.
